[ PARTIDA AOE2 · #507365977 ]
UnrankedEspañoles vs Maya
Equipo del jugador · DERR
Equipo rival · VICT
[ ANÁLISIS DE REPETICIÓN · EXTRAÍDO DE LA PARTIDA GRABADA ]
Feudal
12:45
Castillos
16:46
Imperial
—
| APM promedio | 70.8 |
| APM pico | 177 |
| eAPM promedio | 28.0 |
| Aldeanos / militares | 44 / 12 |
Foco
⚔️ 30.7% · 🌾 69.3%
Conquistador ×7 · Militia ×5
Feudal
12:36
Castillos
16:13
Imperial
—
| APM promedio | 64.2 |
| APM pico | 107 |
| eAPM promedio | 41.7 |
| Aldeanos / militares | 36 / 21 |
Foco
⚔️ 74.0% · 🌾 26.0%
Plumed Archer ×21
Mapa de la partida
Recursos iniciales + cada clic de construcción. Líneas = muros · curvas = relieve. ◆ oro · ⬟ piedra · ● bayas · ✦ reliquia · ◌ hueco del cierre
Tu base· ✓ Cerrada en 16:46 · 45t muro · sin puerta
Base de Emu Warrior· Abierta — el rival se encerró
Terreno inicial suavizado · ◌ = hueco del cierre detectado · pasá el cursor para detalles
Inputs por minuto
— Scotty - - Emu Warrior
Build order — Scotty
96 acciones detectadas en el replay
| 0:01 | Encolar | Villager (Male) ×4 |
| 0:02 | Construir | House |
| 0:04 | Construir | House |
| 1:25 | Encolar | Villager (Male) |
| 1:25 | Encolar | Villager (Male) |
| 1:52 | Encolar | Villager (Male) |
| 1:52 | Encolar | Villager (Male) |
| 2:28 | Encolar | Villager (Male) |
| 2:49 | Encolar | Villager (Male) |
| 2:50 | Construir | Barracks |
| 3:13 | Encolar | Villager (Male) |
| 3:13 | Encolar | Villager (Male) |
| 3:17 | Construir | House |
| 3:42 | Encolar | Villager (Male) |
| 3:49 | Encolar | Militia |
| 3:49 | Encolar | Militia |
| 3:54 | Construir | Palisade Wall |
| 4:07 | Encolar | Villager (Male) |
| 4:11 | Encolar | Militia |
| 4:11 | Encolar | Militia |
| 4:29 | Encolar | Militia |
| 4:34 | Encolar | Villager (Male) |
| 4:34 | Encolar | Villager (Male) |
| 4:48 | Construir | House |
| 5:05 | Encolar | Villager (Male) |
| 5:05 | Encolar | Villager (Male) |
| 5:30 | Encolar | Villager (Male) |
| 5:30 | Encolar | Villager (Male) |
| 5:50 | Construir | Mill |
| 6:01 | Encolar | Villager (Male) |
| 6:25 | Construir | House |
| 6:33 | Encolar | Villager (Male) |
| 7:00 | Encolar | Villager (Male) |
| 7:19 | Encolar | Villager (Male) |
| 7:30 | Construir | Lumber Camp |
| 7:45 | Encolar | Villager (Male) |
| 8:15 | Construir | House |
| 8:16 | Encolar | Villager (Male) |
| 8:37 | Encolar | Villager (Male) |
| 8:41 | Construir | House |
| 8:44 | Construir | Palisade Wall |
| 8:50 | Construir | Palisade Wall |
| 8:52 | Construir | Palisade Wall |
| 8:57 | Construir | Palisade Wall |
| 9:05 | Encolar | Villager (Male) |
| 9:26 | Encolar | Villager (Male) |
| 9:36 | Investigar | Loom |
| 9:54 | Construir | Mill |
| 10:06 | Encolar | Villager (Male) |
| 10:18 | Construir | Mining Camp |
| 10:35 | Investigar | Feudal Age |
| 10:36 | Investigar | Feudal Age |
| 10:41 | Construir | Palisade Wall |
| 10:42 | Construir | Palisade Wall |
| 10:46 | Construir | Palisade Wall |
| 10:51 | Encolar | Villager (Male) |
| 10:54 | Construir | Palisade Wall |
| 11:12 | Encolar | Villager (Male) |
| 11:23 | Construir | Farm |
| 12:04 | Construir | Farm |
| 12:13 | Construir | Farm |
| 12:14 | Construir | Farm |
| 12:45 | Edad | Edad Feudal |
| 12:52 | Construir | Market |
| 13:34 | Encolar | Villager (Male) |
| 13:36 | Construir | Blacksmith |
| 14:06 | Investigar | Castle Age |
| 15:48 | Encolar | Villager (Male) |
| 15:56 | Construir | Palisade Wall |
| 16:33 | Encolar | Villager (Male) |
| 16:46 | Edad | Edad de los Castillos |
| 16:47 | Construir | Castle |
| 17:43 | Encolar | Villager (Male) |
| 18:57 | Encolar | Conquistador |
| 18:57 | Encolar | Conquistador |
| 18:57 | Encolar | Conquistador |
| 18:58 | Encolar | Villager (Male) |
| 19:08 | Encolar | Villager (Male) |
| 19:10 | Construir | Mining Camp |
| 19:17 | Encolar | Villager (Male) |
| 19:41 | Construir | Town Center |
| 19:46 | Encolar | Villager (Male) |
| 19:47 | Encolar | Villager (Male) |
| 19:49 | Investigar | Double-Bit Axe |
| 19:50 | Investigar | Double-Bit Axe |
| 20:10 | Encolar | Villager (Male) |
| 20:20 | Encolar | Conquistador |
| 20:20 | Encolar | Conquistador |
| 20:22 | Construir | Farm |
| 20:47 | Encolar | Conquistador |
| 20:47 | Encolar | Conquistador |
| 21:07 | Construir | Farm |
| 21:08 | Construir | Farm |
| 21:21 | Encolar | Villager (Male) |
| 21:32 | Construir | Lumber Camp |
| 22:18 | Encolar | Villager (Male) |
Build order — Emu Warrior
118 acciones detectadas en el replay
| 0:00 | Investigar | Loom |
| 0:02 | Construir | House |
| 0:04 | Construir | House |
| 0:18 | Encolar | Villager (Male) |
| 0:18 | Encolar | Villager (Male) |
| 0:18 | Encolar | Villager (Male) |
| 1:13 | Encolar | Villager (Male) |
| 1:41 | Encolar | Villager (Male) |
| 1:44 | Construir | Lumber Camp |
| 2:17 | Encolar | Villager (Male) |
| 2:29 | Encolar | Villager (Male) |
| 2:51 | Encolar | Villager (Male) |
| 3:15 | Encolar | Villager (Male) |
| 3:53 | Construir | House |
| 3:58 | Encolar | Villager (Male) |
| 4:19 | Construir | House |
| 4:28 | Encolar | Villager (Male) |
| 4:44 | Encolar | Villager (Male) |
| 5:21 | Construir | Palisade Wall |
| 5:26 | Encolar | Villager (Male) |
| 5:26 | Encolar | Villager (Male) |
| 5:49 | Construir | Palisade Wall |
| 5:51 | Construir | Palisade Wall |
| 5:52 | Construir | Palisade Wall |
| 5:52 | Construir | Palisade Wall |
| 5:53 | Construir | Palisade Wall |
| 5:57 | Construir | Palisade Wall |
| 6:00 | Encolar | Villager (Male) |
| 6:13 | Construir | Mill |
| 6:35 | Construir | Mill |
| 6:37 | Encolar | Villager (Male) |
| 6:41 | Construir | Palisade Wall |
| 6:42 | Construir | Palisade Wall |
| 6:43 | Construir | Palisade Wall |
| 6:47 | Construir | Palisade Wall |
| 6:48 | Construir | Palisade Wall |
| 7:02 | Encolar | Villager (Male) |
| 7:30 | Encolar | Villager (Male) |
| 7:30 | Encolar | Villager (Male) |
| 7:38 | Construir | Palisade Wall |
| 7:45 | Construir | Palisade Wall |
| 7:54 | Construir | Palisade Wall |
| 7:59 | Encolar | Villager (Male) |
| 8:05 | Construir | House |
| 8:12 | Encolar | Villager (Male) |
| 8:35 | Construir | House |
| 9:02 | Encolar | Villager (Male) |
| 9:02 | Encolar | Villager (Male) |
| 9:37 | Construir | House |
| 9:39 | Construir | Mining Camp |
| 9:41 | Encolar | Villager (Male) |
| 9:56 | Investigar | Feudal Age |
| 10:26 | Construir | Palisade Wall |
| 10:26 | Construir | Palisade Wall |
| 10:37 | Encolar | Villager (Male) |
| 10:37 | Encolar | Villager (Male) |
| 10:54 | Construir | Farm |
| 11:14 | Construir | Farm |
| 11:30 | Construir | Palisade Wall |
| 12:36 | Edad | Edad Feudal |
| 12:40 | Construir | Market |
| 12:45 | Construir | Blacksmith |
| 12:52 | Investigar | Double-Bit Axe |
| 13:33 | Investigar | Castle Age |
| 14:01 | Construir | Palisade Wall |
| 14:55 | Construir | Farm |
| 14:56 | Construir | Farm |
| 14:57 | Construir | Farm |
| 15:02 | Construir | Farm |
| 15:32 | Encolar | Villager (Male) |
| 15:34 | Investigar | Fletching |
| 16:13 | Edad | Edad de los Castillos |
| 16:16 | Construir | Castle |
| 16:23 | Construir | Mining Camp |
| 16:30 | Construir | Palisade Wall |
| 17:07 | Construir | Mining Camp |
| 17:09 | Encolar | Villager (Male) |
| 17:14 | Encolar | Plumed Archer |
| 17:14 | Encolar | Plumed Archer |
| 17:14 | Encolar | Plumed Archer |
| 17:38 | Encolar | Villager (Male) |
| 17:39 | Encolar | Villager (Male) |
| 17:44 | Investigar | Bodkin Arrow |
| 17:49 | Construir | Stone Wall |
| 18:04 | Construir | Palisade Wall |
| 18:06 | Construir | Palisade Wall |
| 18:15 | Construir | Palisade Wall |
| 18:17 | Construir | Palisade Wall |
| 18:24 | Encolar | Plumed Archer |
| 18:24 | Encolar | Plumed Archer |
| 18:25 | Encolar | Plumed Archer |
| 18:31 | Construir | Palisade Wall |
| 18:58 | Encolar | Plumed Archer |
| 18:58 | Encolar | Plumed Archer |
| 19:14 | Encolar | Plumed Archer |
| 19:26 | Construir | Lumber Camp |
| 19:32 | Encolar | Villager (Male) |
| 19:32 | Encolar | Villager (Male) |
| 19:48 | Construir | House |
| 20:00 | Construir | Palisade Wall |
| 20:20 | Encolar | Plumed Archer |
| 20:22 | Encolar | Plumed Archer |
| 20:23 | Encolar | Villager (Male) |
| 20:47 | Encolar | Plumed Archer |
| 21:05 | Encolar | Plumed Archer |
| 21:06 | Encolar | Plumed Archer |
| 21:08 | Encolar | Plumed Archer |
| 21:12 | Encolar | Villager (Male) |
| 21:43 | Encolar | Plumed Archer |
| 21:43 | Encolar | Plumed Archer |
| 21:48 | Encolar | Plumed Archer |
| 22:01 | Encolar | Plumed Archer |
| 22:19 | Encolar | Villager (Male) |
| 22:29 | Construir | University |
| 22:36 | Encolar | Plumed Archer |
| 22:37 | Encolar | Plumed Archer |
| 22:59 | Encolar | Villager (Male) |
| 23:09 | Construir | House |
Cronología de la partida
| 2:50 | Scotty · first_building Barracks |
| 3:54 | Scotty · wall_segment Palisade Wall x2 |
| 5:21 | Emu Warrior · wall_segment Palisade Wall x5 |
| 5:49 | Emu Warrior · wall_segment Palisade Wall x4 |
| 5:51 | Emu Warrior · wall_segment Palisade Wall x1 |
| 5:52 | Emu Warrior · wall_segment Palisade Wall x1 |
| 5:52 | Emu Warrior · wall_segment Palisade Wall x1 |
| 5:53 | Emu Warrior · wall_segment Palisade Wall x1 |
| 5:57 | Emu Warrior · wall_segment Palisade Wall x1 |
| 6:41 | Emu Warrior · wall_segment Palisade Wall x1 |
| 6:42 | Emu Warrior · wall_segment Palisade Wall x1 |
| 6:43 | Emu Warrior · wall_segment Palisade Wall x1 |
| 6:47 | Emu Warrior · wall_segment Palisade Wall x1 |
| 6:48 | Emu Warrior · wall_segment Palisade Wall x3 |
| 7:38 | Emu Warrior · wall_segment Palisade Wall x4 |
| 7:45 | Emu Warrior · wall_segment Palisade Wall x8 |
| 7:54 | Emu Warrior · wall_segment Palisade Wall x9 |
| 8:44 | Scotty · wall_segment Palisade Wall x3 |
| 8:50 | Scotty · wall_segment Palisade Wall x4 |
| 8:52 | Scotty · wall_segment Palisade Wall x9 |
| 8:57 | Scotty · wall_segment Palisade Wall x11 |
| 10:26 | Emu Warrior · wall_segment Palisade Wall x1 |
| 10:26 | Emu Warrior · wall_segment Palisade Wall x1 |
| 10:41 | Scotty · wall_segment Palisade Wall x2 |
| 10:42 | Scotty · wall_segment Palisade Wall x3 |
| 10:46 | Scotty · wall_segment Palisade Wall x7 |
| 10:54 | Scotty · wall_segment Palisade Wall x3 |
| 11:30 | Emu Warrior · wall_segment Palisade Wall x1 |
| 12:36 | Emu Warrior · age_up feudal |
| 12:45 | Scotty · age_up feudal |
| 13:32 | Emu Warrior · first_market_sell 100 food |
| 14:01 | Emu Warrior · wall_segment Palisade Wall x1 |
| 14:04 | Scotty · first_market_sell 100 stone |
| 15:56 | Scotty · wall_segment Palisade Wall x1 |
| 16:13 | Emu Warrior · age_up castle |
| 16:16 | Emu Warrior · first_building Castle |
| 16:30 | Emu Warrior · wall_segment Palisade Wall x1 |
| 16:46 | Scotty · age_up castle |
| 16:47 | Scotty · first_building Castle |
| 17:49 | Emu Warrior · wall_segment Stone Wall x6 |
| 18:04 | Emu Warrior · wall_segment Palisade Wall x5 |
| 18:06 | Emu Warrior · wall_segment Palisade Wall x4 |
| 18:15 | Emu Warrior · wall_segment Palisade Wall x1 |
| 18:17 | Emu Warrior · wall_segment Palisade Wall x1 |
| 18:31 | Emu Warrior · wall_segment Palisade Wall x1 |
| 19:23 | Emu Warrior · first_market_buy 100 wood |
| 20:00 | Emu Warrior · wall_segment Palisade Wall x1 |
| 23:20 | Scotty · resign |
[ ANÁLISIS IA · 1 CRÉDITO ]
¿Qué pasó realmente en esta partida?
Wolo.gg analiza cada decisión: build order, eco, micro, errores típicos por bracket. Análisis personalizado por WhatsApp o Discord en 30 segundos.
Guía civ
Españoles
Perfil
Jugador #301918